 Dungeon Crawl Stone Soup version 0.30.0-5-g1a98f26d00 (webtiles) character file.

Game seed: 366112551508811375

70 Edyrem the Sneak (level 4, 0/21 HPs)
             Began as a Spriggan Enchanter on May 10, 2023.
             Slain by a goblin
             ... wielding a +1 dagger of venom
             ... led by Robin
              (2 damage)
             ... on level 2 of the Dungeon.
             The game lasted 00:05:19 (1251 turns).

Edyrem the Sneak (Spriggan Enchanter)               Turns: 1251, Time: 00:05:19

Health: 0/21       AC:  2    Str:  4    XL:     4   Next: 3%
Magic:  3/9        EV: 17    Int: 16    God:
Gold:   48         SH:  0    Dex: 17    Spells: 7/9 levels left

rFire   . . .        a - +1 dagger
rCold   . . .        (no shield)
rNeg    . . .        b - +0 robe
rPois   .            (helmet restricted)
rElec   .            (no cloak)
rCorr   .            (gloves unavailable)
SInv    +            (boots unavailable)
Will    .....        (no amulet)
Stlth   +++          (no ring)
HPRegen 0.23/turn    (no ring)
MPRegen 0.11/turn

%: no passive effects
@: lethally poisoned (0 -> -18), very slightly contaminated, very quick
A: very small, no large weapons, unfitting armour, see invisible, speed 3
a: no special abilities


You were on level 2 of the Dungeon.
You visited 1 branch of the dungeon, and saw 2 of its levels.

You collected 48 gold pieces.

Inventory:

Hand Weapons
 a - a +1 dagger (weapon)
Missiles
 i - 2 boomerangs (quivered)
Armour
 b - a +0 robe (worn)
 j - a +0 buckler
Wands
 n - a wand of polymorph (7)
Scrolls
 d - a scroll of vulnerability {unknown}
 e - a scroll of noise {unknown}
 f - a scroll of acquirement {unknown}
 g - a scroll of fog {unknown}
 h - a scroll of immolation {unknown}
 k - a scroll of poison {unknown}
 l - a scroll of silence {unknown}
 m - a scroll of teleportation {unknown}
Potions
 c - 2 potions of invisibility


   Skills:
 - Level 1.1 Short Blades
 - Level 2.6 Dodging
 + Level 6.0 Stealth
 + Level 3.1 Spellcasting
 + Level 4.8 Hexes


You had 7 spell levels left.
You knew the following spells:

 Your Spells              Type           Power      Damage    Failure   Level
a - Ensorcelled Hibernat  Hex/Ice        20%        N/A       11%         2

Your spell library contained the following spells:

 Spells                   Type           Power      Damage    Failure   Level
 Confusing Touch          Hex            17%        N/A       8%          3
 Tukima's Dance           Hex            17%        N/A       8%          3
 Dazzling Flash           Conj/Hex       20%        N/A       21%         3
 Vhi's Electric Charge    Tloc/Air       4%         N/A       50%         3
 Arcjolt                  Conj/Air       1%         1d11      99%         5
 Plasma Beam              Fire/Air       1%         2x1d12    100%        6


Dungeon Overview and Level Annotations

Branches:
Dungeon (2/15)

Altars:

Shops:
D:2 [

Annotations:
D:2 Robin


Innate Abilities, Weirdness & Mutations

You are very small and have problems with some larger weapons.
You are too small for most types of armour.
You have supernaturally acute eyesight. (SInv)
You cover ground extremely quickly. (Speed+++)


Message History

The goblin looks drowsy...
The hobgoblin shouts!
You hear a shout!
A goblin comes into view. It is wielding a +0 club.
Robin roars a battlecry!
The goblins go into a battle-frenzy!
You closely miss the goblin. The goblin misses you.
Robin throws the goblin at you!
The goblin shouts!
You hit the goblin but do no damage.
A goblin comes into view. It is wielding a +0 club.
The goblin hits you with a +0 club. The goblin barely misses you.
You closely miss the goblin.
Casting: Ensorcelled Hibernation (safe; 11% risk of failure)
Confirm with . or Enter, or press ? or * to list all spells.
Aiming: Ensorcelled Hibernation (safe; 11% risk of failure)
Press: ? - help, Shift-Dir - straight line, f - goblin, p - goblin
Aim: a goblin, wielding a +0 club (strong, chance to affect: 62%)
You miscast Ensorcelled Hibernation.
You are very lightly contaminated with residual magic.
Nothing appears to happen.
The goblin hits you with a +1 dagger of venom.
You are poisoned.
The goblin misses you.
A hobgoblin comes into view.
Casting: Ensorcelled Hibernation (safe; 11% risk of failure)
Confirm with . or Enter, or press ? or * to list all spells.
Aiming: Ensorcelled Hibernation (safe; 11% risk of failure)
Press: ? - help, Shift-Dir - straight line, f - goblin, p - goblin
Aim: a goblin, wielding a +1 dagger of venom (strong, not susceptible)
The goblin is unaffected.
You feel very sick.
The goblin hits you with a +1 dagger of venom.
* * * LOW HITPOINT WARNING * * *
You are more poisoned.
The goblin closely misses you.
You miss the goblin.
* * * LOW HITPOINT WARNING * * *
You feel very sick.
The goblin hits you with a +1 dagger of venom.
You die...

#.# #.# #.# #g#
#.# #g# #.# #g#
#.# #g#
#.##############g#
#.##.....†....##g#
#.##.########.##@#
..##.# #.##g#
#.##.# #.##.#
.....# #.##.#
.##### #.##.# .#
#.##.# .# #.##.#
#############.##.#
.)............##.#


You could see Robin, 3 hobgoblins and 3 goblins.

Vanquished Creatures
  Terence (D:2)
  An adder (D:2)
  A dart slug (D:2)
  3 ball pythons
  7 endoplasms (D:1)
  A giant cockroach (D:1)
  3 goblins
  2 hobgoblins (D:1)
  A quokka (D:1)
  2 bats (D:1)
  7 frilled lizards
  3 kobolds (D:1)
32 creatures vanquished.

Notes
Turn   | Place    | Note
-------+----------+-------------------------------------------
     0 | D:1      | Edyrem the Spriggan Enchanter began the quest for the Orb.
     0 | D:1      | Reached XP level 1. HP: 9/9 MP: 5/5
   196 | D:1      | Reached skill level 5 in Stealth
   196 | D:1      | Reached XP level 2. HP: 13/13 MP: 6/6
   322 | D:1      | Learned a level 2 spell: Ensorcelled Hibernation
   725 | D:1      | Reached XP level 3. HP: 15/16 MP: 8/8
   742 | D:1      | You fall into a shaft and drop 1 floor!
  1024 | D:2      | Found Taub's Antique Armour Shop.
  1166 | D:2      | Noticed Terence
  1173 | D:2      | Killed Terence
  1174 | D:2      | Reached skill level 6 in Stealth
  1174 | D:2      | Reached XP level 4. HP: 21/21 MP: 9/9
  1243 | D:2      | Noticed Robin
  1251 | D:2      | Slain by a goblin

Illustrated notes

Levels and vault maps discovered:
D:1:      psy_arrival_whirlpool, layout_basic
D:2:      layout_basic, serial_shops, nicolae_shop_pleasant_corner_grove,
          uniq_terence, uniq_robin

Skill      XL: |  1  2  3 |
---------------+----------+-----
Hexes          | 4 |  4.8
Stealth        | 5 6 |  6.0
Spellcasting   | 3 |  3.1
Short Blades   | |  1.1
Dodging        | |  2.6

Action                     |  1- 3 |  4- 6 || total
---------------------------+-------+-------++-------
  Melee: Dagger            |    89 |     5 ||    94
         Punch             |     1 |       ||     1
  Throw: Boomerang         |     1 |       ||     1
   Cast: Ensorcelled Hiber |    15 |     3 ||    18
   Stab: Sleeping          |    17 |     1 ||    18
         Distracted        |     1 |       ||     1
 Armour: Robe              |     4 |       ||     4
  Dodge: Dodged            |    52 |     4 ||    56
